 Dungeon Crawl Stone Soup version 0.24-a0-235-g3f03afcf10 (webtiles) character file.

Game seed: 1047490409352561287

167 MrRokkomies the Slasher (level 5, 0/36 HPs)
             Began as an Octopode Abyssal Knight on Apr 9, 2019.
             Was a Believer of Lugonu.
             Hit by a goblin thrown by Robin (2 damage)
             ... on level 3 of the Dungeon.
             The game lasted 00:07:37 (2881 turns).

MrRokkomies the Slasher (Octopode Abyssal Knight)   Turns: 2881, Time: 00:07:37

Health: 0/36       AC:  1    Str: 12    XL:     5   Next: 48%
Magic:  6/6        EV: 18    Int: 12    God:    Lugonu [**....]
Gold:   147        SH:  4    Dex: 15    Spells: 4/4 levels left

rFire    + . .     SeeInvis .   a - +2 dagger (drain)
rCold    + . .     Gourm    +   (no shield)
rNeg     . . .     Faith    .   (helmet restricted)
rPois    .         Spirit   .   p - amulet of the gourmand
rElec    .         Reflect  .   m - ring of protection from cold
rCorr    .         Harm     .   (no ring)
MR       .....                  (no ring)
Stlth    ++++......             (no ring)
HPRegen  0.12/turn              (no ring)
MPRegen  0.10/turn              (no ring)
                                (no ring)
                                (no ring)

@: agile, lightly drained
A: almost no armour, stealthy swim, amphibious, 8 rings, constrict 8, large bone
plates 1, camouflage 1, clumsy 1, dopey 1, fire resistance 1, gelatinous body 1
a: Depart the Abyss, Bend Space, Renounce Religion


You were on level 3 of the Dungeon.
You worshipped Lugonu.
Lugonu was pleased with you.
You were very hungry.

You visited 1 branch of the dungeon, and saw 3 of its levels.
You visited the Abyss 1 time.

You collected 147 gold pieces.

Inventory:

Hand Weapons
 a - a +2 dagger of draining (weapon)
 b - a +0 arbalest
 c - a +1 falchion
 k - a +0 dagger of venom
Missiles
 e - 18 bolts
 s - 2 throwing nets (quivered)
Jewellery
 m - a ring of protection from cold (left tentacle)
 p - an amulet of the gourmand (around mantle)
Wands
 n - a wand of paralysis (7)
Scrolls
 o - 2 scrolls of teleportation {unknown}
 q - a scroll of identify
 r - a scroll of fog {unknown}
Potions
 f - 3 potions of heal wounds {unknown}
 g - a potion of flight
 i - a potion of might
 j - 3 potions of agility
 l - a potion of curing {unknown}
Comestibles
 d - 11 rations


   Skills:
 - Level 3.0(2.6) Fighting
 * Level 3.8(3.4) Long Blades
 * Level 3.0(2.7) Crossbows
 - Level 2.3(2.0) Dodging
 + Level 2.9(2.5) Stealth
 - Level 2.0(1.6) Invocations


You had 4 spell levels left.
You didn't know any spells.
Your spell library was empty.

Dungeon Overview and Level Annotations

Branches:
Dungeon (3/15)

Altars:
Dithmenos
Okawaru
Qazlal
The Shining One

Annotations:
D:3 Robin


Innate Abilities, Weirdness & Mutations

You cannot wear most types of armour.
You are very stealthy in the water. (Stealth+)
You are amphibious.
You can wear up to eight rings at the same time.
You can use your tentacles to constrict eight enemies at once.
Your skin changes colour to match your surroundings (Stealth+).
Your rubbery body absorbs attacks. (AC +1, EV +1)
You are partially covered in large bone plates. (SH +4)
You are clumsy. (Dex -2)
You are dopey. (Int -2)
Your flesh is heat resistant. (rF+)


Message History

The goblin barely misses you.
You completely miss the goblin. Your grab misses the goblin.
The goblin is severely wounded.
The hobgoblin no longer looks unusually strong.
The goblin hits you. The goblin misses you.
You hit the goblin.
You kill the goblin!
Lugonu accepts your kill.
The goblin hits you with a cursed +0 dagger!
* * * LOW HITPOINT WARNING * * *
The goblin hits you.
* * * LOW HITPOINT WARNING * * *
As you read the scroll of fear, it crumbles to dust.
You assume a fearsome visage.
The hobgoblin looks frightened!
The goblin looks frightened! x2; The hobgoblin looks frightened! x2
The goblin looks frightened!
It was a potion of agility.
You feel agile all of a sudden. Robin throws the goblin at you!
You die...

...###.#
####
#......
...# #g.?..
##.# +....
#.# #.g.
#.# #g. #.#
#g# #.# #)#
#.#
#######@#
#.#
#.....gg#
#.#
#.#######
#.# #.#
#.#######.#
#.........#
###########


You could see Robin, 2 hobgoblins and 3 goblins.

Vanquished Creatures
  An orc priest (D:3)
  5 adders
  4 worms (D:2)
  2 dart slugs (D:2)
  A leopard gecko (D:1)
  3 orcs (D:3)
  6 bats
  4 giant cockroaches
  19 goblins
  7 hobgoblins
  A jackal (D:3)
  3 frilled lizards (D:2)
  8 kobolds
  5 rats
69 creatures vanquished.

Notes
Turn   | Place    | Note
-------+----------+-------------------------------------------
     0 | Abyss:1  | MrRokkomies the Octopode Abyssal Knight began the quest for
                  | the Orb.
     0 | Abyss:1  | Reached XP level 1. HP: 16/16 MP: 2/2
    30 | Abyss:1  | Found a roughly hewn altar of Beogh.
   392 | Abyss:1  | Noticed an ancient zyme
   423 | Abyss:2  | Noticed a lich
   439 | D:1      | Escaped the Abyss
   483 | D:1      | Reached XP level 2. HP: 6/21 MP: 3/3
   489 | D:1      | Reached * piety under Lugonu
   716 | D:1      | Reached skill level 1 in Crossbows
   716 | D:1      | Reached skill level 1 in Stealth
  1423 | D:1      | Gained mutation: You are dopey. (Int -2) [potion of
                  | mutation]
  1423 | D:1      | Gained mutation: You are clumsy. (Dex -2) [potion of
                  | mutation]
  1423 | D:1      | Gained mutation: Your flesh is heat resistant. (rF+)
                  | [potion of mutation]
  1423 | D:1      | Gained mutation: You are partially covered in large bone
                  | plates. (SH +4) [potion of mutation]
  1459 | D:2      | Reached XP level 3. HP: 26/26 MP: 4/4
  1628 | D:2      | Found a shadowy altar of Dithmenos.
  1641 | D:2      | Reached XP level 4. HP: 28/31 MP: 5/5
  1786 | D:2      | Found a glowing golden altar of the Shining One.
  2146 | D:2      | Noticed an air elemental
  2148 | D:2      | Found a stormy altar of Qazlal.
  2151 | D:2      | Noticed a water elemental
  2151 | D:2      | Noticed an earth elemental
  2151 | D:2      | Noticed a fire elemental
  2336 | D:2      | Found an iron altar of Okawaru.
  2489 | D:2      | Reached ** piety under Lugonu
  2631 | D:3      | Reached XP level 5. HP: 26/36 MP: 6/6
  2864 | D:3      | Noticed Robin
  2881 | D:3      | Hit by a goblin thrown by Robin

Levels and vault maps discovered:
D:1:      dpeg_arrival_simpleton_a, layout_basic
D:2:      layout_rooms, nicolae_qazlal_style_of_elements, tso_metal_star,
          grunt_dithmenos_smoke, marbit_many_paths, st_stairs_10,
          glass_columns_a
D:3:      layout_basic, first_ration, uniq_robin, uniq_terence
Abyss:1
Abyss:2:  evilmike_abyss_exit_11

Skill      XL: |  1  2  3  4  5 |
---------------+----------------+-----
Crossbows      | 1 2 3 |  3.0
Stealth        | 1 2 |  2.9
Long Blades    | 3 |  3.8
Fighting       | |  3.0
Dodging        | |  2.3
Invocations    | |  2.0

Action                   |  1- 3 |  4- 6 || total
-------------------------+-------+-------++-------
Melee: Falchion          |    49 |    50 ||    99
       Constrict         |    16 |    25 ||    41
       Tentacles         |    10 |    15 ||    25
       Dagger            |       |    32 ||    32
 Fire: Arbalest          |     2 |       ||     2
Invok: Depart the Abyss  |     1 |       ||     1
  Use: Scroll            |     4 |     3 ||     7
       Potion            |     1 |     1 ||     2
 Stab: Sleeping          |     3 |     5 ||     8
  Eat: Chunk             |     2 |     3 ||     5
Armor: Skin              |       |     6 ||     6
Dodge: Dodged            |    37 |    31 ||    68
Block: Other             |     4 |    15 ||    19
       Rpst.: Falchion   |    13 |     6 ||    19

Table legend:
 A = Non-vault XP
 B = Vault XP
 C = Vault XP percentage of total XP
 D = Non-vault monster count
 E = Vault monster count
 F = Vault count percentage of total count
                 A         B        C        D         E       F
            +---------+---------+-------+---------+---------+-------
      Total |     222 |      17 |   7.1 |      62 |       7 |  10.1
            +---------+---------+-------+---------+---------+-------
        D:1 |      33 |       0 |   0.0 |      17 |       0 |   0.0
        D:2 |      95 |       9 |   8.7 |      29 |       3 |   9.4
        D:3 |      94 |       8 |   7.8 |      16 |       4 |  20.0
            +---------+---------+-------+---------+---------+-------
